[Event "Titled Tuesday Blitz February 07 Late 2023"]
[White "Mikaelyan, Arman"]
[Black "Saveliev, Alexei"]
[WhiteFideId "13304852"]
[BlackFideId "24128546"]
[WhiteElo "2523"]
[BlackElo "2385"]
[Result "1-0"]
[Round "05"]
[TimeControl "180+2"]
[Date "2023.02.07"]
[WhiteClock "0:00:09"]
[BlackClock "0:00:55"]

1. a3 g6 2. Nf3 Bg7 3. d4 Nf6 4. g3 O-O 5. Bg2 d6 6. O-O Nc6 7. b4 Nd7 8. Bb2 e5 9. dxe5 Ndxe5 10. Nxe5 Nxe5 11. Qc1 Bg4 12. Re1 c6 13. Nd2 d5 14. c4 dxc4 15. Nxc4 Nxc4 16. Bxg7 Kxg7 17. Qxc4 Be6 18. Qc3+ Qf6 19. Rac1 Qxc3 20. Rxc3 Rfd8 21. f4 a6 22. Kf2 Rd2 23. Rec1 Rad8 24. Bf3 h5 25. R3c2 R2d4 26. Ke1 Bg4 27. Rc3 Kf6 28. Kf2 Bxf3 29. Kxf3 Rd2 30. Re3 R2d5 31. h3 a5 32. bxa5 Rxa5 33. Rb1 Rd7 34. Reb3 b5 35. Rc3 Ra6 36. Rbc1 Rd6 37. e4 Ke7 38. e5 Rd2 39. g4 hxg4+ 40. hxg4 Kd7 41. f5 gxf5 42. gxf5 Ra2 43. Rd1+ Kc7 44. Rdd3 Ra1 45. Kf4 Rg1 46. Rd4 Ra8 47. Rcd3 Rh8 48. Rd7+ Kb6 49. e6 fxe6 50. fxe6 Re1 51. e7 Re8 52. Re3 Rxe3 53. Kxe3 Ka5 54. Kd4 Ka4 55. Ra7+ Kb3 56. Kc5 Rc8 57. Ra6 Re8 58. Ra7 Rc8 59. Rd7 Re8 60. Kxc6 Kc4 61. Kd6 Kb3 62. Ra7 Rh8 63. Kd7 Rh7 64. Kd8 Ka2 65. Ra5 1-0


[Site "https://www.chess.com"]

[Event "Titled Tuesday Blitz February 07 Late 2023"]
[White "Boros, Denes"]
[Black "Kourkoulos-Arditis, Stamatis"]
[WhiteFideId "722340"]
[BlackFideId "4221990"]
[WhiteElo "2406"]
[BlackElo "2539"]
[Result "1-0"]
[Round "05"]
[TimeControl "180+2"]
[Date "2023.02.07"]
[WhiteClock "0:00:32"]
[BlackClock "0:00:04"]

1. e4 c5 2. Nf3 d6 3. b3 Nf6 4. Bb5+ Nbd7 5. O-O g6 6. Bb2 Bg7 7. e5 dxe5 8. Nxe5 O-O 9. Nf3 a6 10. Be2 b5 11. c4 b4 12. a3 Bb7 13. axb4 cxb4 14. d4 Ne4 15. Qc2 Qc7 16. Nbd2 Nxd2 17. Qxd2 a5 18. d5 Nc5 19. Bxg7 Kxg7 20. h4 h6 21. h5 g5 22. Nd4 Qf4 23. Qb2 Kh7 24. Bd1 Qf6 25. Bc2+ Kh8 26. Ra2 e6 27. f4 g4 28. d6 Rad8 29. Nb5 Qxb2 30. Rxb2 Be4 31. Bd1 f5 32. Ra2 a4 33. bxa4 Bd3 34. Rb2 Bxc4 35. Rxb4 Bxf1 36. Kxf1 Ne4 37. Rd4 Kg7 38. Bc2 Nf6 39. Nc7 Kf7 40. Bb3 Nd5 41. Bxd5 exd5 42. Rxd5 Kf6 43. a5 Rf7 44. a6 Rfd7 45. a7 Rc8 46. Kf2 Rdxc7 47. dxc7 Ke6 48. Ra5 Kd6 49. a8=Q 1-0


[Site "https://www.chess.com"]

[Event "Titled Tuesday Blitz February 07 Late 2023"]
[White "Borges Feria, Yasel"]
[Black "O`Gorman, Tom"]
[WhiteFideId "3504921"]
[BlackFideId "2508249"]
[WhiteElo "2439"]
[BlackElo "2355"]
[Result "1-0"]
[Round "05"]
[TimeControl "180+2"]
[Date "2023.02.07"]
[WhiteClock "0:00:24"]
[BlackClock "0:00:11"]

1. e4 e5 2. Nf3 Nc6 3. Bb5 a6 4. Bxc6 dxc6 5. Nc3 f6 6. d4 exd4 7. Qxd4 Qxd4 8. Nxd4 c5 9. Nde2 Be6 10. Be3 O-O-O 11. f3 Bd6 12. O-O-O Ne7 13. Bf4 Bxf4+ 14. Nxf4 Bf7 15. h4 Ng6 16. Nxg6 hxg6 17. g3 Rxd1+ 18. Rxd1 b6 19. f4 Re8 20. Kd2 Be6 21. Ke3 c6 22. Kf3 Kc7 23. g4 b5 24. Rh1 Rd8 25. f5 Bf7 26. Ke3 gxf5 27. gxf5 Rh8 28. a3 Kd6 29. Ne2 Ke5 30. Nf4 c4 31. c3 a5 32. h5 Be8 33. Rg1 Rh7 34. Rh1 Bf7 35. Rd1 Rh8 36. Rd7 Bxh5 37. Rxg7 Be8 38. Re7+ Kd6 39. Re6+ Kd7 40. Rxf6 Rh2 41. Ng6 Rxb2 42. Ne5+ Kd8 43. Rd6+ Kc7 44. Rh6 Rb3 45. Kd4 Rxa3 46. Rh7+ Kd8 47. f6 b4 48. Rh8 Kc7 49. Rxe8 bxc3 50. f7 c2 51. f8=Q c1=Q 52. Qe7+ Kb6 53. Rb8+ Ka6 54. Qb7# 1-0


[Site "https://www.chess.com"]

[Event "Titled Tuesday Blitz February 07 Late 2023"]
[White "Gadimbayli, Abdulla"]
[Black "Fisher_TheGalactic"]
[WhiteFideId "13404938"]
[WhiteElo "2500"]
[BlackElo "2561"]
[Result "1-0"]
[Round "05"]
[TimeControl "180+2"]
[Date "2023.02.07"]
[WhiteClock "0:00:45"]
[BlackClock "0:00:01"]

1. e4 b6 2. d4 Bb7 3. Bd3 Nf6 4. Nd2 e6 5. c3 d5 6. e5 Nfd7 7. Ndf3 c5 8. Ne2 Nc6 9. O-O Be7 10. a3 Qc7 11. Be3 c4 12. Bc2 O-O-O 13. Nf4 Kb8 14. Nh5 g6 15. Nf4 Rdf8 16. Qd2 Na5 17. Rae1 Ka8 18. Nh3 Ba6 19. Bh6 Re8 20. Nhg5 Bxg5 21. Nxg5 Nb8 22. Qf4 Re7 23. Bg7 Rg8 24. Bf6 Rd7 25. Nxh7 Nb3 26. Ng5 Nc6 27. h4 Kb7 28. Re3 Nd2 29. Rd1 Nb3 30. Rh3 Bb5 31. g4 Ba4 32. Re1 Qc8 33. Kh2 Qf8 34. h5 gxh5 35. gxh5 Qh6 36. Nxe6 Qxf4+ 37. Nxf4 Nxe5 38. Rxe5 Nd2 39. Bxa4 Nf1+ 40. Kh1 Rd6 41. Nxd5 b5 42. Bd1 Kc6 43. Be2 1-0


[Site "https://www.chess.com"]

[Event "Titled Tuesday Blitz February 07 Late 2023"]
[White "Ismagilov, Damir"]
[Black "Kosakowski, Jakub"]
[WhiteFideId "34199982"]
[BlackFideId "1185080"]
[WhiteElo "2156"]
[BlackElo "2485"]
[Result "0-1"]
[Round "05"]
[TimeControl "180+2"]
[Date "2023.02.07"]
[WhiteClock "0:00:10"]
[BlackClock "0:00:37"]

1. e4 c6 2. d4 d5 3. e5 Bf5 4. c4 e6 5. Nc3 Bb4 6. cxd5 cxd5 7. Nf3 Ne7 8. Bg5 Nbc6 9. Be2 h6 10. Be3 O-O 11. O-O Bg4 12. a3 Bxc3 13. bxc3 Rc8 14. Rb1 Na5 15. Bd2 b6 16. Qa4 Nc4 17. Bc1 Qc7 18. Qd1 a6 19. h3 Bf5 20. Bd3 Bxd3 21. Qxd3 b5 22. Nd2 Nxd2 23. Bxd2 Qc4 24. Qxc4 Rxc4 25. Rb4 Rfc8 26. Rfb1 Kf8 27. Rxc4 Rxc4 28. Rb4 Nc6 29. Rxc4 dxc4 30. f4 h5 31. Kf2 g6 32. Kf3 Ne7 33. Ke4 Ke8 34. g4 hxg4 35. hxg4 Kd7 36. Be1 Kc6 37. Bh4 Nd5 38. Be1 Kb6 39. f5 gxf5+ 40. gxf5 Ka5 41. f6 Ka4 42. Kf3 Kxa3 43. Kg4 Kb2 44. Kh5 a5 45. Kh6 a4 46. Kg7 a3 47. Kxf7 a2 48. Kxe6 Nf4+ 49. Kf5 a1=Q 50. Kxf4 Qxe1 51. Kf5 Kxc3 52. f7 Kxd4 53. Kg6 Qg3+ 54. Kh7 Qh4+ 55. Kg8 Qd8+ 56. Kh7 Kxe5 57. f8=Q Qxf8 58. Kg6 c3 59. Kh5 Qg7 60. Kh4 Kf4 61. Kh3 Qg3# 0-1


[Site "https://www.chess.com"]

[Event "Titled Tuesday Blitz February 07 Late 2023"]
[White "Halkias, Stelios"]
[Black "Brilej, Jaka"]
[WhiteFideId "4201809"]
[BlackFideId "14618818"]
[WhiteElo "2511"]
[BlackElo "2321"]
[Result "1/2-1/2"]
[Round "05"]
[TimeControl "180+2"]
[Date "2023.02.07"]
[WhiteClock "0:00:21"]
[BlackClock "0:00:31"]

1. d4 d5 2. c4 c6 3. Nf3 Nf6 4. Nc3 e6 5. e3 Nbd7 6. Be2 Bd6 7. O-O O-O 8. b3 b6 9. Bb2 Bb7 10. Rc1 Rc8 11. Bd3 Qe7 12. cxd5 exd5 13. Bf5 Rfe8 14. Re1 g6 15. Bh3 Rcd8 16. Nd2 c5 17. Nb5 Bb8 18. dxc5 bxc5 19. Nf3 a6 20. Nc3 Ne5 21. Na4 Nxf3+ 22. Qxf3 Ne4 23. Qe2 Bc8 24. Bxc8 Rxc8 25. f3 Bxh2+ 26. Kxh2 Qh4+ 27. Kg1 Ng3 28. Qd2 Qh1+ 29. Kf2 Qh4 30. Kg1 Qh1+ 31. Kf2 Qh4 32. Kg1 1/2-1/2


[Site "https://www.chess.com"]

[Event "Titled Tuesday Blitz February 07 Late 2023"]
[White "Makridis, Dimitrios"]
[Black "Kaplan, Avi Harrison"]
[WhiteFideId "25864475"]
[BlackFideId "30934559"]
[WhiteElo "2356"]
[BlackElo "2146"]
[Result "1/2-1/2"]
[Round "05"]
[TimeControl "180+2"]
[Date "2023.02.07"]
[WhiteClock "0:00:38"]
[BlackClock "0:00:01"]

1. d4 g6 2. e4 Bg7 3. Nc3 d6 4. f4 a6 5. Nf3 b5 6. Bd3 Bb7 7. O-O Nd7 8. e5 e6 9. Qe1 Ne7 10. Qh4 Nf5 11. Qh3 c5 12. d5 dxe5 13. dxe6 fxe6 14. Be4 Bxe4 15. Nxe4 Nf6 16. Nxf6+ Bxf6 17. fxe5 Bxe5 18. g4 Bd4+ 19. Kh1 Ne7 20. c3 Bg7 21. Bg5 O-O 22. Rad1 Qc7 23. Bxe7 Qxe7 24. Qg2 Rad8 25. Nd2 Rxf1+ 26. Rxf1 Qd7 27. Ne4 Qd3 28. Nxc5 Qc4 29. Ne4 Qxa2 30. h4 Qd5 31. Re1 Rf8 32. Re2 Rf4 33. Nf2 Qxg2+ 34. Kxg2 Kf7 35. Ne4 Rxg4+ 36. Kf3 Rxh4 37. Ng5+ Kf6 38. Nxe6 Rh3+ 39. Kg4 Rh1 40. Nd8 h5+ 41. Kf4 Bf8 42. Re6+ Kg7 43. Rxa6 Rb1 44. Ne6+ Kf7 45. Ng5+ Kg7 46. Ra7+ Kg8 47. Ra8 Rxb2 48. Ne6 Rf2+ 49. Kg5 Rg2+ 50. Kf6 Rf2+ 51. Kxg6 h4 52. Ng5 Rg2 53. Kh5 Rg3 54. Kxh4 Rxc3 55. Kg4 b4 56. Ne6 Rc4+ 57. Kf5 Rc1 58. Nxf8 Rf1+ 59. Kg6 Rxf8 60. Ra2 Rb8 61. Rb2 Rb6+ 62. Kf5 Kf7 63. Ke5 Ke7 64. Kd5 Kd7 65. Kc5 Kc7 66. Rh2 Kb7 67. Kc4 b3 68. Kc3 Ka6 69. Kb2 Ka5 70. Rh5+ Rb5 71. Rh8 Kb4 72. Rh4+ Ka5 73. Rc4 Rb6 74. Rc5+ Kb4 75. Rh5 Rc6 76. Rh4+ Rc4 77. Rxc4+ Kxc4 78. Kb1 Kc3 79. Kc1 Kd4 80. Kb2 Kc4 81. Kb1 Kb5 82. Kb2 Kb4 83. Kb1 Ka4 84. Kb2 Kb4 85. Kb1 Kc3 86. Ka1 Kc2 1/2-1/2


[Site "https://www.chess.com"]

[Event "Titled Tuesday Blitz February 07 Late 2023"]
[White "Ozates, Tuna"]
[Black "Fernandez Guillen, Ernesto J."]
[WhiteFideId "6354521"]
[BlackFideId "3512428"]
[WhiteElo "2251"]
[BlackElo "2477"]
[Result "1-0"]
[Round "05"]
[TimeControl "180+2"]
[Date "2023.02.07"]
[WhiteClock "0:00:03"]
[BlackClock "0:00:01"]

1. e4 e5 2. Nf3 Nc6 3. Bc4 g6 4. d4 exd4 5. Nxd4 Bg7 6. Be3 Nge7 7. Nc3 O-O 8. Qd2 Ne5 9. Be2 d5 10. f4 Nc4 11. Bxc4 dxc4 12. e5 c6 13. O-O-O Bg4 14. Rde1 Qa5 15. h3 Bc8 16. g4 Rd8 17. Qe2 b5 18. Kb1 Ba6 19. Ne4 b4 20. Nf6+ Kh8 21. Qf2 Bxf6 22. exf6 Nd5 23. Nxc6 Qb5 24. Nxd8 Rxd8 25. Bd4 Bb7 26. Ka1 a5 27. Re5 c3 28. bxc3 bxc3 29. Rb1 Qc6 30. Qe2 Nb4 31. Rb3 Ba6 32. Qd1 Qa4 33. Qb1 Rxd4 34. Ra3 Qc6 35. Raxa5 Qd7 36. Rxa6 h6 37. Re7 1-0


[Site "https://www.chess.com"]

[Event "Titled Tuesday Blitz February 07 Late 2023"]
[White "Buchenau, Frank"]
[Black "Bolourchifard, Farzad"]
[WhiteFideId "4604350"]
[BlackFideId "12510084"]
[WhiteElo "2222"]
[BlackElo "2292"]
[Result "0-1"]
[Round "05"]
[TimeControl "180+2"]
[Date "2023.02.07"]
[WhiteClock "0:00:01"]
[BlackClock "0:00:14"]

1. e4 e5 2. Bc4 Nf6 3. d3 Nc6 4. Nf3 Bc5 5. O-O d6 6. c3 a6 7. Bb3 h6 8. Nbd2 O-O 9. Re1 Be6 10. Nf1 Re8 11. Bxe6 fxe6 12. b4 Ba7 13. a4 Rf8 14. Be3 Nh5 15. b5 Bxe3 16. bxc6 Ba7 17. cxb7 Rb8 18. Rb1 a5 19. d4 Qf6 20. Ne3 exd4 21. cxd4 Nf4 22. Rb3 Qg6 23. g3 Nh3+ 24. Kg2 Nf4+ 25. Kg1 Kh8 26. Nh4 Nh3+ 27. Kg2 Rxf2+ 28. Kxh3 Qxe4 29. Ng4 Qxd4 30. Qxd4 Bxd4 31. Nxf2 Bxf2 32. Rf1 Bb6 33. Ng6+ Kh7 34. Nf8+ Kg8 35. Nxe6 Rxb7 36. Nxc7 Rxc7 37. Rxb6 Rc4 38. Rxd6 Rxa4 39. Rd8+ Kh7 40. Rd7 h5 41. Rff7 Rg4 42. Kg2 a4 43. h3 Rg6 44. Rf5 Ra6 45. Rxh5+ Kg6 46. Re5 a3 47. Ree7 a2 48. Re1 a1=Q 49. Rxa1 Rxa1 50. Kf3 Ra3+ 51. Ke4 Rxg3 52. Rd3 Rg1 53. Rf3 Kh5 54. Kf4 g5+ 55. Kf5 Kh4 56. Kf6 Ra1 57. Kf5 Ra5+ 58. Ke4 Rb5 59. Re3 Rb4+ 60. Kf5 Rb5+ 61. Kf6 Kh5 62. Rf3 Rb4 63. Ke6 Rf4 64. Rg3 Kh4 65. Rg2 Rf3 0-1


[Site "https://www.chess.com"]

[Event "Titled Tuesday Blitz February 07 Late 2023"]
[White "Saya, Ethan"]
[Black "Goltsev, Dmitry"]
[WhiteFideId "26095181"]
[BlackFideId "24176710"]
[WhiteElo "2181"]
[BlackElo "2269"]
[Result "1-0"]
[Round "05"]
[TimeControl "180+2"]
[Date "2023.02.07"]
[WhiteClock "0:01:10"]
[BlackClock "0:00:09"]

1. d4 Nf6 2. c4 e6 3. g3 d5 4. Nf3 dxc4 5. Bg2 c5 6. O-O Nc6 7. dxc5 Qxd1 8. Rxd1 Bxc5 9. Nbd2 Ng4 10. Ne4 Be7 11. Bf4 O-O 12. Bd6 Bxd6 13. Nxd6 Nge5 14. Rac1 Rd8 15. Nxe5 Nxe5 16. Nxc4 Rxd1+ 17. Rxd1 Nd7 18. Ne5 Nf8 19. Rd8 g6 20. Nd7 Bxd7 21. Rxa8 b5 22. Rxa7 Kg7 23. Rxd7 Nxd7 24. Bc6 Nb6 25. Bxb5 Kf6 26. a4 Ke5 27. a5 Nd5 28. Bc6 Nb4 29. Bf3 Kd6 30. Kf1 Kc5 31. Bb7 Kb5 32. a6 Nxa6 33. Bxa6+ Kxa6 34. Ke1 Kb5 35. Kd2 Kb4 36. Kc2 e5 37. e4 f5 38. exf5 gxf5 39. h4 Kc4 40. b3+ Kd4 41. Kb2 Kd3 42. b4 Ke2 43. b5 Kxf2 44. b6 Kxg3 45. b7 e4 46. b8=Q+ f4 47. Kc2 Kf3 48. Kd1 e3 49. Ke1 Kg3 50. h5 Kg4 51. h6 f3 52. Qh2 Kf5 53. Qg3 Ke4 54. Qg4+ Ke5 55. Qxf3 Ke6 56. Ke2 Ke5 57. Kxe3 Ke6 58. Qg3 Kf6 59. Qg7+ Kf5 60. Qxh7+ Kg5 61. Qg7+ Kh5 62. h7 Kh4 63. h8=Q# 1-0


[Site "https://www.chess.com"]

[Event "Titled Tuesday Blitz February 07 Late 2023"]
[White "Koziorowicz, Michal"]
[Black "Remolar Gallen, Jose"]
[WhiteFideId "21809194"]
[BlackFideId "2215187"]
[WhiteElo "2307"]
[BlackElo "2285"]
[Result "1-0"]
[Round "05"]
[TimeControl "180+2"]
[Date "2023.02.07"]
[WhiteClock "0:00:21"]
[BlackClock "0:00:03"]

1. g4 e5 2. Bg2 Nc6 3. d3 Nge7 4. c4 Ng6 5. Nc3 Bb4 6. Bd2 d6 7. h3 Nh4 8. Kf1 O-O 9. Nf3 Nxg2 10. Kxg2 f5 11. gxf5 Bxf5 12. Nd5 Bxd2 13. Qxd2 e4 14. Nh2 Ne5 15. f4 Ng6 16. Ng4 c6 17. Nde3 Nxf4+ 18. Kg3 Nh5+ 19. Kh2 Qh4 20. Nxf5 Rxf5 21. Rhg1 Raf8 22. Nh6+ Kh8 23. Nxf5 Rxf5 24. Qe3 Rf2+ 25. Rg2 Rxg2+ 26. Kxg2 Nf4+ 27. Kh2 d5 28. Rf1 g5 29. dxe4 dxe4 30. Rg1 h5 31. Qd4+ Kg8 32. Qd8+ Kf7 33. Qd7+ Kf6 34. Qd4+ Kf5 35. Qe3 g4 36. Rf1 Qxh3+ 37. Qxh3 gxh3 38. e3 1-0


[Site "https://www.chess.com"]

[Event "Titled Tuesday Blitz February 07 Late 2023"]
[White "Sanal, Vahap"]
[Black "Tatarinov, Dmitry"]
[WhiteFideId "6300545"]
[BlackFideId "24160067"]
[WhiteElo "2600"]
[BlackElo "2310"]
[Result "1/2-1/2"]
[Round "05"]
[TimeControl "180+2"]
[Date "2023.02.07"]
[WhiteClock "0:00:26"]
[BlackClock "0:00:20"]

1. e4 e5 2. Nc3 Nc6 3. Bc4 Nf6 4. d3 Be7 5. f4 d6 6. Nf3 O-O 7. O-O Bg4 8. h3 Bxf3 9. Qxf3 Na5 10. Bb3 Nxb3 11. axb3 exf4 12. Bxf4 c6 13. Kh1 a6 14. Ne2 Nd7 15. Qg3 Ne5 16. Bxe5 dxe5 17. Qxe5 Bf6 18. Qg3 Bxb2 19. Ra4 b5 20. Ra2 Bf6 21. e5 Bh4 22. Qg4 Kh8 23. Nf4 g6 24. Raa1 Bg5 25. Rae1 Bxf4 26. Rxf4 Qe7 27. Rf6 a5 28. Rxc6 a4 29. bxa4 bxa4 30. Qd4 Kg8 31. e6 a3 32. Rd6 a2 33. Ra1 fxe6 34. Rd7 Qf6 35. Qxf6 Rxf6 36. Rb7 e5 37. Kg1 h5 38. Rb2 Rfa6 39. Kf2 Kf7 40. Ke3 Ke6 41. Ke4 h4 42. Rb5 Kf6 43. Rb2 Ra4+ 44. c4 Ra3 45. Rb6+ Kg5 46. Rb2 R8a5 47. Rc2 R3a4 48. Ke3 Kf5 49. c5 Ra7 50. c6 Rc7 51. Rf2+ Ke6 52. Rc2 Kd5 53. Raxa2 Rxa2 54. Rxa2 Rxc6 55. Ra5+ Ke6 56. Ke4 Rc2 57. Ra6+ Kf7 58. Kf3 Rd2 59. Rd6 e4+ 60. Kxe4 Rxg2 61. Rd7+ Kf6 62. Rh7 g5 63. d4 Rg3 64. d5 Rxh3 65. d6 Rh1 66. Rh6+ Kg7 67. Re6 Rd1 68. Kf5 h3 69. Rg6+ Kf7 70. Rh6 h2 71. Rh7+ Ke8 72. Rxh2 Rxd6 73. Kxg5 Ke7 74. Kf5 Rf6+ 75. Ke5 Re6+ 76. Kd5 Rd6+ 77. Kc5 Rd1 78. Re2+ Kf6 79. Re3 Rd8 80. Kc6 Rd1 81. Re2 Rd3 82. Kc5 Rd1 83. Kc4 Rd8 84. Rf2+ Ke5 85. Rh2 Rd7 86. Kc3 Rd8 87. Rh5+ Ke4 88. Rh4+ Ke3 89. Rh7 Rd6 90. Kc4 Rd8 91. Kc5 Ke4 92. Kc6 Rd1 93. Rh3 Rd2 94. Kc5 Ke5 95. Rh4 Rc2+ 96. Kb4 Rc1 97. Kb3 Rc8 98. Rb4 Rc7 99. Rb5+ Kd4 100. Kb4 Rc4+ 101. Kb3 Rc3+ 102. Kb2 Rc5 103. Rb7 Kd5 104. Kb3 Kd6 105. Rb4 Kd5 106. Ka4 Rc4 107. Rxc4 Kxc4 1/2-1/2


[Site "https://www.chess.com"]

[Event "Titled Tuesday Blitz February 07 Late 2023"]
[White "Haydon, David L"]
[Black "Tari, Aryan"]
[WhiteFideId "415405"]
[BlackFideId "1510045"]
[WhiteElo "2253"]
[BlackElo "2642"]
[Result "1-0"]
[Round "05"]
[TimeControl "180+2"]
[Date "2023.02.07"]
[WhiteClock "0:00:43"]
[BlackClock "0:00:03"]

1. e4 c5 2. Nf3 d6 3. d4 cxd4 4. Nxd4 Nf6 5. Nc3 a6 6. a4 g6 7. g3 Bg7 8. Bg2 O-O 9. O-O Bd7 10. a5 Nc6 11. Nb3 Rc8 12. Be3 Ne5 13. Bb6 Qe8 14. Nd2 Bc6 15. h3 Bd7 16. Qe2 Be6 17. Bd4 Nc4 18. b3 Nxd2 19. Qxd2 Qd7 20. Kh2 Qc7 21. Rfc1 Ng4+ 22. hxg4 Bxd4 23. Nd5 Bxd5 24. Qxd4 Be6 25. c4 Bxg4 26. e5 Bd7 27. exd6 exd6 28. Rd1 Bc6 29. Qxd6 Bxg2 30. Kxg2 Rfe8 31. Qxc7 Rxc7 32. Kf3 Re5 33. Re1 Rf5+ 34. Kg2 Rd7 35. Re3 Rd2 36. Rf1 Rb2 37. g4 Rxa5 38. Rd1 Ra3 39. Rdd3 a5 40. Rf3 a4 41. Rd7 Kg7 42. g5 Raa2 43. Rdxf7+ Kg8 44. Rf8+ 1-0


[Site "https://www.chess.com"]

[Event "Titled Tuesday Blitz February 07 Late 2023"]
[White "Manukyan, Sargis A."]
[Black "Yuan, Qingyu"]
[WhiteFideId "13303970"]
[BlackFideId "8609772"]
[WhiteElo "2158"]
[BlackElo "2373"]
[Result "0-1"]
[Round "05"]
[TimeControl "180+2"]
[Date "2023.02.07"]
[WhiteClock "0:00:02"]
[BlackClock "0:00:06"]

1. d4 d5 2. c4 e6 3. Nc3 Be7 4. Nf3 Nf6 5. Bg5 h6 6. Bh4 O-O 7. e3 Nbd7 8. cxd5 Nxd5 9. Bxe7 Nxe7 10. Bd3 c5 11. O-O b6 12. Qe2 Bb7 13. Rfd1 Qb8 14. Be4 Rd8 15. Rac1 cxd4 16. Rxd4 Nc6 17. Bxc6 Bxc6 18. Rcd1 Qc7 19. Qd2 Kf8 20. b4 Ke8 21. e4 Nf6 22. Rxd8+ Rxd8 23. Qxd8+ Qxd8 24. Rxd8+ Kxd8 25. Nd2 Ke7 26. f3 Nd7 27. Kf2 e5 28. Ke3 f6 29. Nc4 h5 30. Nb2 Nf8 31. Nd3 Ne6 32. b5 Bb7 33. Nb4 Kd6 34. Nd3 g5 35. a4 Nd4 36. g3 Nc2+ 37. Kd2 Nd4 38. Ke3 Nb3 39. f4 exf4+ 40. gxf4 g4 41. e5+ Ke6 42. Ne2 h4 43. exf6 g3 44. hxg3 h3 45. Nf2 h2 46. g4 Kxf6 47. Ng3 Nc5 48. g5+ Kg6 49. Kd4 Nxa4 50. Ke5 Nc5 51. Kd6 Ne4+ 52. Nfxe4 Bxe4 53. Kc7 a5 54. bxa6 b5 55. a7 Bf3 56. Kd6 b4 57. f5+ Kxg5 58. Ke7 b3 59. f6 b2 60. f7 b1=Q 61. f8=Q Qb7+ 62. Ke6 Qd5+ 63. Ke7 Qc5+ 64. Kf7 Qxa7+ 65. Kg8 Bd5+ 66. Kh8 Qd4+ 67. Kh7 Be4+ 68. Kg8 Qd5+ 69. Kh8 Qe5+ 70. Kg8 Bd5+ 71. Kh7 Qc7+ 72. Kh8 Qxg3 73. Qg7+ Kf4 74. Qf6+ Ke3 75. Qc3+ Kf2 76. Qd2+ Kg1 77. Qd1+ Kf2 78. Qd2+ Kf1 79. Qd1+ Qe1 80. Qxd5 Qc3+ 81. Kg8 Qg3+ 82. Kf8 Kg1 83. Qd1+ Kg2 0-1


[Site "https://www.chess.com"]

[Event "Titled Tuesday Blitz February 07 Late 2023"]
[White "Rustemov, Alexander"]
[Black "Korchmar, Vasiliy"]
[WhiteFideId "4119002"]
[BlackFideId "24131750"]
[WhiteElo "2525"]
[BlackElo "2438"]
[Result "0-1"]
[Round "05"]
[TimeControl "180+2"]
[Date "2023.02.07"]
[WhiteClock "0:00:10"]
[BlackClock "0:00:04"]

1. c4 c6 2. Nc3 d5 3. e3 Nf6 4. Nf3 e6 5. Qc2 Bd6 6. d4 Nbd7 7. b3 O-O 8. Be2 e5 9. cxd5 cxd5 10. Nb5 Bb4+ 11. Bd2 Bxd2+ 12. Nxd2 a6 13. dxe5 Nxe5 14. Nd4 Bg4 15. f3 Rc8 16. Qb2 Bh5 17. Kf2 Bg6 18. Rac1 Qe7 19. Rxc8 Rxc8 20. Rc1 Re8 21. Rc3 Nd3+ 22. Rxd3 Bxd3 23. Nf1 Bxe2 24. Qxe2 Qa3 25. Qd2 Rc8 26. Ng3 g6 27. Nge2 Rc5 28. g4 Ra5 29. Nc2 Qxa2 30. Nc1 Qb2 31. Qxa5 Qxc2+ 32. Ne2 Qxb3 33. Qd8+ Kg7 34. g5 Ng8 35. Qc7 Qb2 36. h4 h6 37. f4 b5 38. Kf3 Qa1 39. Nd4 Qh1+ 40. Kg3 Qe4 41. Kf2 hxg5 42. hxg5 Ne7 43. Nf3 Nf5 44. Ne5 Qxe3+ 45. Kg2 Qg3+ 46. Kh1 Qh3+ 47. Kg1 Qg3+ 48. Kh1 Qe1+ 49. Kh2 Qf2+ 0-1


[Site "https://www.chess.com"]

[Event "Titled Tuesday Blitz February 07 Late 2023"]
[White "Gorodetzky, David"]
[Black "Czernek, Tymon"]
[WhiteFideId "2813416"]
[BlackFideId "1199510"]
[WhiteElo "2485"]
[BlackElo "2314"]
[Result "1-0"]
[Round "05"]
[TimeControl "180+2"]
[Date "2023.02.07"]
[WhiteClock "0:00:06"]
[BlackClock "0:00:11"]

1. e4 c5 2. Nc3 a6 3. f4 b5 4. Nf3 Bb7 5. Qe2 e6 6. d3 Be7 7. h4 d5 8. h5 Nh6 9. a4 b4 10. Nd1 dxe4 11. dxe4 f5 12. Nf2 O-O 13. Ng5 Qd6 14. Be3 Nc6 15. Rd1 Nd4 16. Bxd4 cxd4 17. e5 Qb6 18. Rh3 Rac8 19. Rhd3 Rfd8 20. Qd2 Nf7 21. Nf3 Bc5 22. g3 Be4 23. Bg2 a5 24. Rb3 Bd5 25. Rd3 Bc4 26. Qe2 Rd7 27. b3 Ba6 28. Kf1 Nd8 29. Kg1 Bxd3 30. Nxd3 Bf8 31. g4 fxg4 32. Ng5 Rdc7 33. Qxg4 Rxc2 34. Be4 h6 35. Nh7 Qc7 36. Qg6 Be7 37. Qe8+ Bf8 38. Qxf8# 1-0


[Site "https://www.chess.com"]

[Event "Titled Tuesday Blitz February 07 Late 2023"]
[White "Holt, Conrad"]
[Black "Sielecki, Christof"]
[WhiteFideId "2034387"]
[BlackFideId "4620437"]
[WhiteElo "2540"]
[BlackElo "2419"]
[Result "1-0"]
[Round "05"]
[TimeControl "180+2"]
[Date "2023.02.07"]
[WhiteClock "0:01:15"]
[BlackClock "0:01:20"]

1. d4 d5 2. c4 e6 3. Nc3 Nf6 4. cxd5 exd5 5. Bg5 c6 6. e3 h6 7. Bh4 Be7 8. Bd3 O-O 9. Nf3 Re8 10. Qc2 Ne4 11. Bxe7 Qxe7 12. O-O Bf5 13. Ne5 Nd7 14. Nxd7 Qxd7 15. Na4 Nd6 16. Nc5 Bxd3 17. Qxd3 Qe7 18. Rac1 Rad8 19. a4 a6 20. Qb3 Kh8 21. Rfd1 Rb8 22. Qb6 Nc4 23. Qb4 Nd6 24. Nd3 Kg8 25. Ne5 f6 26. Nd3 Rbd8 27. h3 Qf7 28. Nc5 g5 29. Rd3 Re7 30. Rb3 Kg7 31. Qa5 Nc4 32. Qxd8 1-0


[Site "https://www.chess.com"]

[Event "Titled Tuesday Blitz February 07 Late 2023"]
[White "Vasquez Schroeder, Rodrigo"]
[Black "Chor, Kevin"]
[WhiteFideId "3400042"]
[BlackFideId "2090740"]
[WhiteElo "2524"]
[BlackElo "1944"]
[Result "1-0"]
[Round "05"]
[TimeControl "180+2"]
[Date "2023.02.07"]
[WhiteClock "0:01:05"]
[BlackClock "0:00:17"]

1. d4 Nf6 2. c4 g6 3. Nc3 Bg7 4. e4 d6 5. Nf3 O-O 6. h3 e5 7. d5 Nh5 8. g3 a5 9. Be2 Na6 10. Kf1 Nc5 11. Kg2 f5 12. exf5 gxf5 13. Ng5 Nf6 14. Be3 h6 15. Nf3 Nfe4 16. Nxe4 Nxe4 17. Qc2 Qe8 18. Rae1 f4 19. Bd3 fxe3 20. Bxe4 exf2 21. Qxf2 Bf5 22. Qc2 Qg6 23. Nh4 Bxe4+ 24. Qxe4 Qg5 25. Rhf1 Qd2+ 26. Re2 Qd4 27. Nf5 Qxe4+ 28. Rxe4 Rf6 29. Rg4 Raf8 30. Rxg7+ Kh8 31. Rxc7 1-0


[Site "https://www.chess.com"]

[Event "Titled Tuesday Blitz February 07 Late 2023"]
[White "Bikuzhin, Maksim"]
[Black "Ortega Amarelle, Mariano"]
[WhiteFideId "24128015"]
[BlackFideId "3504301"]
[WhiteElo "2279"]
[BlackElo "2472"]
[Result "1-0"]
[Round "05"]
[TimeControl "180+2"]
[Date "2023.02.07"]
[WhiteClock "0:01:09"]
[BlackClock "0:00:12"]

1. e4 c6 2. d4 d5 3. e5 Bf5 4. h4 h5 5. c4 e6 6. Nc3 Ne7 7. Bg5 dxc4 8. Bxc4 Nd7 9. Nge2 Nb6 10. Bb3 Qd7 11. Ng3 Bg6 12. O-O Ned5 13. Nce4 Be7 14. Bxe7 Qxe7 15. Nd6+ Kf8 16. f4 Ne3 17. Qd2 Nf5 18. Ngxf5 Bxf5 19. g3 g6 20. a4 Rd8 21. a5 Nc8 22. Nxf5 gxf5 23. Rf3 Qd7 24. Rd3 Ne7 25. Bd1 c5 26. Rc1 cxd4 27. Rc4 Nc6 28. Bf3 Kg7 29. Bxc6 bxc6 30. Rcxd4 1-0


[Site "https://www.chess.com"]

[Event "Titled Tuesday Blitz February 07 Late 2023"]
[White "Oganian, Miran"]
[Black "Przybylski, Wojciech"]
[WhiteFideId "4122488"]
[BlackFideId "1117599"]
[WhiteElo "2439"]
[BlackElo "2321"]
[Result "1-0"]
[Round "05"]
[TimeControl "180+2"]
[Date "2023.02.07"]
[WhiteClock "0:01:54"]
[BlackClock "0:00:01"]

1. e4 c5 2. Nf3 e6 3. c3 d5 4. exd5 Qxd5 5. d4 Nc6 6. Be2 Nf6 7. O-O Be7 8. Na3 O-O 9. Be3 cxd4 10. Nxd4 Ne5 11. Ndb5 Bd7 12. f4 Qxd1 13. Raxd1 Nc6 14. g4 Rfd8 15. Bf3 a6 16. Nd6 Rab8 17. g5 Ne8 18. Ndc4 Bxa3 19. Nxa3 Ne7 20. Nc4 Bc6 21. Ne5 Bd5 22. Bb6 Bxf3 23. Rxd8 1-0


[Site "https://www.chess.com"]